 Dungeon Crawl Stone Soup version 0.31-a0-1309-gbf3fed316f (webtiles) character file.

Game seed: 7683985030053366348

664 Bnni the Digger (level 7, -8/53 HPs)
             Began as a Formicid Earth Elementalist on Dec 20, 2023.
             Mangled by Duvessa
             ... wielding a +5 short sword
              (16 damage)
             ... on level 4 of the Dungeon.
             The game lasted 00:07:07 (3260 turns).

Bnni the Digger (Formicid Earth Elementalist)       Turns: 3260, Time: 00:07:07

Health: -8/53      AC:  6    Str: 13    XL:     7   Next: 87%
Magic:  13/13      EV: 12    Int: 16    God:
Gold:   194        SH:  0    Dex: 14    Spells: 4/14 levels left

rFire   . . .        e - +0 rapier
rCold   . . .        (no shield)
rNeg    . . .        a - +0 robe
rPois   +            (helmet unavailable)
rElec   .            (no cloak)
rCorr   .            (no gloves)
SInv    +            (no boots)
Will    .....        d - amulet of magic regeneration
Stlth   ++           n - ring of poison resistance
HPRegen 0.28/turn    i - +4 ring of protection
MPRegen 0.53/turn

%: no passive effects
@: no status effects
A: permanent stasis, dig shafts and tunnels, antennae 3, four strong arms
a: Dig, Shaft Self


You were on level 4 of the Dungeon.
You visited 1 branch of the dungeon, and saw 4 of its levels.

You collected 194 gold pieces.

Inventory:

Hand Weapons
 e - a +0 rapier (weapon)
Missiles
 m - a throwing net
Armour
 a - a +0 robe (worn)
 f - a +0 chain mail
 l - a +0 scale mail
Magical Staves
 o - a staff of air
Jewellery
 d - an amulet of magic regeneration (around neck)
 i - a +4 ring of protection (right hand)
 n - a ring of poison resistance (left hand)
Wands
 k - a wand of iceblast (7)
Scrolls
 c - a scroll of blinking {unknown}
 g - 2 scrolls of teleportation {unknown}
 p - a scroll of enchant armour {unknown}
Potions
 b - a potion of magic
 h - 3 potions of curing
 j - a potion of heal wounds


   Skills:
 + Level 3.7 Fighting
 - Level 1.7 Dodging
 - Level 2.4 Stealth
 + Level 4.2 Spellcasting
 * Level 2.0 Conjurations
 - Level 2.0 Transmutations
 * Level 7.3 Earth Magic


You had 4 spell levels left.
You knew the following spells:

 Your Spells              Type           Power      Damage    Failure   Level
a - Sandblast             Erth           52%        2d12      1%          1
b - Passwall              Tmut/Erth      15%        N/A       3%          2
c - Stone Arrow           Conj/Erth      36%        3d9       8%          3
d - Brom's Barrelling Bo  Conj/Erth      18%        2d4       24%         4

Your spell library contained the following spells:

 Spells                   Type           Power      Damage    Failure   Level
 Summon Small Mammal      Summ           12%        N/A       17%         1
 Petrify                  Tmut/Erth      18%        N/A       24%         4
 Call Canine Familiar     Summ           3%         N/A       45%         3
 Summon Guardian Golem    Hex/Summ       3%         N/A       45%         3
 Manifold Assault         Tloc           3%         N/A       86%         4
 Blink                    Tloc           Unusable   N/A       N/A         2

Dungeon Overview and Level Annotations

Branches:
Dungeon (4/15)
 Temple: D:4-7

Altars:

Annotations:
D:4 Duvessa


Innate Abilities, Weirdness & Mutations

You cannot be hasted, slowed, berserked, paralysed or teleported.
You can dig through walls and to a lower floor.
You have a pair of large antennae on your head. (SInv)
Your four strong arms can wield two-handed weapons with a shield.


Message History

The iceblast engulfs the hound!!
You kill the hound!
Your Conjurations skill increases to level 2!
Aiming: Sandblast (safe; 1% risk of failure)
Press: ? - help, Q - select action, (/) - cycle Shift-Dir - straight line, f/p - Duvessa
Aim: Duvessa, wielding a +5 short sword and wearing a +0 ring mail (heavily wounded, berserk, 87% to hit)
The blast of sand hits Duvessa but does no damage.
Duvessa is heavily wounded.
Duvessa hits you with a +5 short sword.
Casting: Sandblast (safe; 1% risk of failure)
Confirm with . or Enter, or press ? or * to list all spells.
Aiming: Stone Arrow (dangerous; 8% risk of failure)
Press: ? - help, Shift-Dir - straight line, f/p - Duvessa
Aim: Duvessa, wielding a +5 short sword and wearing a +0 ring mail (heavily wounded, berserk, 77% to hit)
Okay, then.
Aiming: Sandblast (safe; 1% risk of failure)
Press: ? - help, Q - select action, (/) - cycle Shift-Dir - straight line, f/p - Duvessa
Aim: Duvessa, wielding a +5 short sword and wearing a +0 ring mail (heavily wounded, berserk, 87% to hit)
The blast of sand hits Duvessa!
Duvessa is severely wounded.
Duvessa hits you with a +5 short sword! x2
Unknown command.
Aiming: Sandblast (safe; 1% risk of failure)
Press: ? - help, Q - select action, (/) - cycle Shift-Dir - straight line, f/p - Duvessa
Aim: Duvessa, wielding a +5 short sword and wearing a +0 ring mail (severely wounded, berserk, 87% to hit)
The blast of sand hits Duvessa but does no damage.
Duvessa is severely wounded.
Duvessa hits you with a +5 short sword!
* * * LOW HITPOINT WARNING * * *
Duvessa hits you with a +5 short sword.
* * * LOW HITPOINT WARNING * * *
Duvessa barely misses you.
Unknown command.
Okay, then.
Throw: 2 throwing nets
Press: ? - help, Shift-Dir - straight line, f/p - Duvessa
Aim: Duvessa, wielding a +5 short sword and wearing a +0 ring mail (severely wounded, berserk, 64% to hit)
You throw a throwing net. The throwing net barely misses Duvessa.
Duvessa hits you with a +5 short sword!
You die...

.. .. ##+# #.###.
##...## ..... ##.....##
...# ##.......##
#...####.........####...
.......+........@e...).(
......##.........####†..
......# #.......##
#...### ##...†.## #...#
##...## ##### ###'## #
##.#.# # ##.#..# #
##.###.#######


You could see Duvessa (berserk).

Vanquished Creatures
  Grinder (D:4)
  A black bear (D:4)
  A phantom (D:3)
  A scorpion (D:4)
  Dowan (D:4)
  2 hounds (D:4)
  An iguana (D:4)
  An adder (D:4)
  3 gnolls (D:4)
  A worm (D:2)
  2 dart slugs
  4 ball pythons
  6 bats
  4 endoplasms
  3 giant cockroaches
  4 goblins
  6 hobgoblins
  9 jackals
  5 kobolds
  2 quokkas
  4 frilled lizards
  4 rats
66 creatures vanquished.

Notes
Turn   | Place    | Note
-------+----------+-------------------------------------------
     0 | D:1      | Bnni the Formicid Earth Elementalist began the quest for
                  | the Orb.
     0 | D:1      | Reached XP level 1. HP: 13/13 MP: 3/3
   170 | D:1      | Reached XP level 2. HP: 20/20 MP: 3/5
   314 | D:1      | Reached skill level 4 in Earth Magic
   495 | D:1      | Learned a level 2 spell: Passwall
   572 | D:1      | Reached XP level 3. HP: 25/25 MP: 3/6
   740 | D:1      | Reached skill level 1 in Fighting
  1619 | D:2      | Reached XP level 4. HP: 32/32 MP: 4/8
  1769 | D:3      | Noticed a phantom
  1778 | D:3      | Killed a phantom
  1779 | D:3      | Reached skill level 5 in Earth Magic
  1779 | D:3      | Reached XP level 5. HP: 13/38 MP: 0/9
  1860 | D:3      | Learned a level 3 spell: Stone Arrow
  1865 | D:3      | Learned a level 4 spell: Brom's Barrelling Boulder
  2686 | D:4      | Noticed Grinder
  2695 | D:4      | Killed Grinder
  2696 | D:4      | Reached skill level 6 in Earth Magic
  2696 | D:4      | Reached XP level 6. HP: 17/47 MP: 7/11
  2882 | D:4      | Reached XP level 7. HP: 46/52 MP: 9/12
  3040 | D:4      | Reached skill level 1 in Conjurations
  3040 | D:4      | Reached skill level 7 in Earth Magic
  3254 | D:4      | Noticed Duvessa
  3254 | D:4      | Noticed Dowan
  3256 | D:4      | Killed Dowan
  3260 | D:4      | Mangled by Duvessa

Illustrated notes

Levels and vault maps discovered:
D:1:      lemuel_arrival_muddy, layout_basic
D:2:      layout_basic
D:3:      layout_basic
D:4:      layout_loops_corners, uniq_grinder, uniq_duvessa

Skill      XL: |  1  2  3  4  5  6  7 |
---------------+----------------------+-----
Earth Magic    | 4 5 6 7 |  7.3
Transmutations | 2 |  2.0
Fighting       | 1 2 3 |  3.7
Spellcasting   | 3 4 |  4.2
Conjurations   | 2 |  2.0
Dodging        | |  1.7
Stealth        | |  2.4

Action                     |  1- 3 |  4- 6 |  7- 9 || total
---------------------------+-------+-------+-------++-------
  Melee: Rapier            |     2 |       |    12 ||    14
  Throw: Throwing net      |       |       |     1 ||     1
   Cast: Sandblast         |    47 |    44 |    20 ||   111
  Evoke: Wand              |       |       |     2 ||     2
    Use: Scroll            |       |     4 |       ||     4
 Armour: Robe              |    13 |    12 |    21 ||    46
  Dodge: Dodged            |     8 |    13 |    20 ||    41

Table legend: (Time is in decaauts)
 A = Elapsed time spent in this place.
 B = Non-inter-level travel time spent in this place.
 C = Inter-level travel time spent in this place.
 D = Time resting spent in this place.
 E = Time spent auto-exploring this place.
 F = Levels seen in this place.
 G = Mean time per level.
                   A        B        C        D        E       F      G
               +--------+--------+--------+--------+--------+-----+--------+
         Total |   3318 |   3245 |     73 |     77 |   2729 |   4 |  829.5 |
       Dungeon |   3318 |   3245 |     73 |     77 |   2729 |   4 |  829.5 |
               +--------+--------+--------+--------+--------+-----+--------+

Top non-repeatable levels by time:
     D:1: 1194 daAuts
     D:3: 879 daAuts
     D:4: 644 daAuts
     D:2: 599 daAuts
